 Dungeon Crawl Stone Soup version 0.25-a0-294-gea9b1ad378 (webtiles) character file.

Game seed: 15398841455559499623, levelgen mode: deterministic

21023 MoonlitKnight the Thaumaturge (level 12, -8/94 HPs)
             Began as a Gnoll Skald on Dec 15, 2019.
             Was the Champion of Okawaru.
             Splashed with acid (34 damage)
             ... on level 5 of the Lair of Beasts on Dec 16, 2019.
             The game lasted 00:39:11 (13487 turns).

MoonlitKnight the Thaumaturge (Gnoll Skald)        Turns: 13487, Time: 00:39:11

Health: -8/94      AC: 12    Str: 15    XL:     12   Next: 85%
Magic:  25/25      EV: 15    Int: 17    God:    Okawaru [******]
Gold:   849        SH: 13    Dex: 17    Spells: 13/29 levels left

rFire    + + .     SeeInvis .   b - +12 spear of Conscience {drain, rN+}
rCold    . . .     Gourm    .   o - +2 shield {rF+}
rNeg     + . .     Faith    .   w - +3 ring mail {rF+}
rPois    .         Spirit   .   H - +1 hat
rElec    .         Reflect  .   i - scarf {cloud immunity}
rCorr    .         Harm     .   (no gloves)
MR       +....                  y - +0 pair of boots
Stlth    ++++......             (no amulet)
HPRegen  0.25/turn              C - ring of stealth
MPRegen  0.19/turn              G - ring of protection from magic

@: about to teleport
A: distributed training, fangs 1, strong nose
a: Heroism, Finesse, Renounce Religion


You were on level 5 of the Lair of Beasts.
You worshipped Okawaru.
Okawaru was exalted by your worship.
You were not hungry.

You visited 2 branches of the dungeon, and saw 14 of its levels.
You also visited: Volcano.

You collected 849 gold pieces.

Inventory:

Hand Weapons
 a - the +8 war axe "Curoasel" {freeze, Dex+3}
   (You found it on level 6 of the Dungeon)

   It has been specially enchanted to freeze those struck by it, causing extra
   injury to most foes and up to half again as much damage against particularly
   susceptible opponents.
   It can also slow down cold-blooded creatures.
   It affects your dexterity (+3).
 b - the +12 spear of Conscience (weapon) {drain, rN+}
   (You found it on level 8 of the Dungeon)

   A truly terrible weapon, it drains the life of those it strikes.
   It protects you from negative energy.
 p - a +0 arbalest of electrocution
 x - a +0 trident
 I - a +1 hunting sling
Missiles
 c - 97 sling bullets
 T - 16 poisoned darts (quivered)
Armour
 i - a scarf of cloud immunity (worn)
 o - a +2 shield of fire resistance (worn)
 w - a +3 ring mail of fire resistance (worn)
 y - a +0 pair of boots (worn)
 H - a +1 hat (worn)
Jewellery
 C - a ring of stealth (left hand)
 G - a ring of protection from magic (right hand)
Wands
 e - a wand of clouds (5)
 l - a wand of acid (10)
 q - a wand of flame (40)
 s - a wand of iceblast (9)
 F - a wand of polymorph (12)
 L - a wand of digging (3)
 N - a wand of scattershot (5)
 R - a wand of random effects (22)
Scrolls
 k - a scroll of immolation
 m - 2 scrolls of fear
 r - a scroll of enchant armour
 t - 7 scrolls of remove curse
 z - a scroll of teleportation
 A - a scroll of identify
 E - a scroll of enchant weapon
 M - a scroll of summoning {unknown}
 Q - 3 scrolls of fog
 S - a scroll of amnesia
Potions
 f - 4 potions of invisibility
 g - a potion of magic
 h - 4 potions of brilliance
 j - a potion of lignification
 n - 2 potions of resistance
 u - 5 potions of curing
 v - a potion of heal wounds
 B - 2 potions of haste
 D - 3 potions of ambrosia
 K - a potion of berserk rage
 O - a potion of flight
Miscellaneous
 J - a lightning rod (4/4)
 P - a phantom mirror
Comestibles
 d - 25 rations


   Skills:
 + Level 8.9 Fighting
 + Level 7.5 Short Blades
 + Level 7.5 Long Blades
 + Level 7.5 Axes
 + Level 7.5 Maces & Flails
 + Level 8.9 Polearms
 + Level 7.5 Staves
 + Level 7.5 Slings
 + Level 7.5 Bows
 + Level 7.5 Crossbows
 + Level 7.5 Throwing
 + Level 8.0 Armour
 + Level 8.9 Dodging
 + Level 7.5 Stealth
 + Level 7.5 Shields
 + Level 7.5 Unarmed Combat
 + Level 9.1 Spellcasting
 + Level 6.2 Conjurations
 + Level 6.2 Hexes
 + Level 8.4 Charms
 + Level 6.2 Summonings
 + Level 6.2 Necromancy
 + Level 6.2 Translocations
 + Level 6.2 Transmutations
 + Level 6.2 Fire Magic
 + Level 6.2 Ice Magic
 + Level 6.2 Air Magic
 + Level 6.2 Earth Magic
 + Level 6.2 Poison Magic
 + Level 8.3 Invocations
 + Level 7.5 Evocations


You had 13 spell levels left.
You knew the following spells:

 Your Spells              Type           Power        Failure   Level  Hunger
a - Dazzling Flash        Conj/Hex       ####..       10%         3    None
b - Shroud of Golubria    Chrm/Tloc      ####..       3%          2    None
c - Spectral Weapon       Hex/Chrm       ####....     6%          3    None
d - Regeneration          Chrm/Necr      ####......   6%          3    None
e - Song of Slaying       Chrm           #####...     1%          2    None
f - Tukima's Dance        Hex            ####....     10%         3    None

Your spell library contained the following spells:

 Spells                   Type           Power        Failure   Level  Hunger
 Infusion                 Chrm           ####         1%          1    None
 Confusing Touch          Hex            ####..       3%          1    None
 Corona                   Hex            ####...      3%          1    None
 Magic Dart               Conj           ####         3%          1    None
 Ensorcelled Hibernation  Hex/Ice        ####..       4%          2    None
 Searing Ray              Conj           ####..       4%          2    None
 Confuse                  Hex            ####....     10%         3    None
 Gell's Gravitas          Tloc           ####......   10%         3    None
 Fulminant Prism          Conj/Hex       ####......   32%         4    ###....
 Iskenderun's Mystic Bla  Conj/Tloc      ####....     32%         4    ###....
 Petrify                  Tmut/Erth      ####....     32%         4    ###....
 Metabolic Englaciation   Hex/Ice        ####......   67%         5    #####..
 Yara's Violent Unravell  Hex/Tmut       ####......   67%         5    #####..


Dungeon Overview and Level Annotations

Branches:
Dungeon (9/15)             Temple (0/1) D:6            Lair (5/6) D:9
  Swamp (0/4) Lair:3       Spider (0/4) Lair:3        Slime (0/5) Lair:5
Volcano (visited)
    Orc: D:9-12

Altars:
Cheibriados
Elyvilon
Fedhas
Gozag
Hepliaklqana
Makhleb
Okawaru
Qazlal
Sif Muna
Trog
Wu Jian
Xom
Yredelemnul
Zin
The Shining One
Jiyva

Shops:
D:4 (

Annotations:
Lair:2 3 runed translucent doors, exclusion: 4 oklob plants, astraldaughter's ghost, journeyman DrAE


Innate Abilities, Weirdness & Mutations

Your experience applies equally to all skills.
You have very sharp teeth.
Your uncanny sense of smell can sniff out nearby items.


Message History

No target in view!
No target in view!
No target in view!
z - 2 scrolls of teleportation (gained 1)
You see here a water moccasin corpse.
All of the chunks of flesh in your inventory have rotted away.
You open the door.
Found a viscous altar of Jiyva.
Found a staircase to the Slime Pits.
There is an open door here.
There is a viscous altar of Jiyva here.
There is a staircase to the Slime Pits here.
You are splashed with acid!
You are splashed with acid!!
You see here 19 gold pieces.
You now have 849 gold pieces (gained 19).
You are splashed with acid!!
* * * LOW HITPOINT WARNING * * *
As you read the scroll of teleportation, it crumbles to dust.
You feel strangely unstable.
You are splashed with acid!!
You die...

.........................#.....##
...................P..#.###.....#
.................................
......#..........................
............##'###.........#....#
...........###.####...P.###....P.
......##...# #_..##...P.##.P.....
........#..# #.>.##..............
...........# #..@##..............
##..###..#.########...(#..P.#..#P
###.######.######.#.###.###.###.
### ##.†......## ### ### ##
##..P...## ##..#### ####


There were no monsters in sight!

Vanquished Creatures
  A hydra (Lair:1)
  2 black mambas
  2 torpor snails
  Maurice (D:8)
  8 spiny frogs
  4 komodo dragons
  2 rime drakes
  2 ice devils (Lair:5)
  A polar bear (Lair:4)
  8 blink frogs
  5 hippogriffs
  25 yaks
  6 fire bats (Volcano)
  A basilisk (Lair:4)
  A steam dragon (Lair:3)
  A swamp worm (Lair:3)
  13 water moccasins
  4 porcupines
  An ice beast (D:6)
  An eye of draining (D:8)
  A phantom (D:8)
  An ogre (D:4)
  2 necrophages
  18 wolves
  2 centaurs
  9 crocodiles
  14 bullfrogs
  A scorpion (D:8)
  A howler monkey (D:6)
  An electric eel (Lair:2)
  7 lava snakes (Volcano)
  3 crimson imps
  5 hounds
  5 orc wizards
  A gnoll shaman (D:6)
  3 orc priests
  Natasha (thrice) (D:4)
  2 iguanas
  5 worker ants
  6 hell rats (Lair:4)
  A killer bee zombie (D:7)
  A hound skeleton (D:8)
  Robin (D:3)
  5 gnolls (D:6)
  10 adders
  A shadow imp (D:7)
  2 oozes
  3 adder skeletons
  3 dart slugs
  2 worms
  4 leopard geckos
  25 orcs
  4 ball pythons
  5 bats
  4 giant cockroaches
  21 goblins
  12 hobgoblins
  9 jackals
  5 kobolds
  3 quokkas
  A ball python skeleton (D:4)
  5 frilled lizards
  A jackal zombie (D:7)
  2 leopard gecko skeletons
  A quokka skeleton (D:5)
  9 rats
319 creatures vanquished.

Vanquished Creatures (others)
  4 plants
  5 spectral weapons
9 creatures vanquished.

Grand Total: 328 creatures vanquished

Notes
Turn   | Place    | Note
-------+----------+-------------------------------------------
     0 | D:1      | MoonlitKnight the Gnoll Skald began the quest for the Orb.
     0 | D:1      | Reached XP level 1. HP: 20/20 MP: 6/6
    40 | D:1      | Reached XP level 2. HP: 26/26 MP: 2/7
   398 | D:1      | Reached XP level 3. HP: 31/31 MP: 9/9
   402 | D:1      | Learned a level 2 spell: Shroud of Golubria
   406 | D:1      | Learned a level 3 spell: Spectral Weapon
   499 | D:1      | Reached skill level 5 in Spellcasting
   815 | D:2      | Reached skill level 1 in Invocations
  1063 | D:2      | Reached skill level 1 in Short Blades
  1063 | D:2      | Reached skill level 1 in Long Blades
  1063 | D:2      | Reached skill level 1 in Axes
  1063 | D:2      | Reached skill level 1 in Maces & Flails
  1063 | D:2      | Reached skill level 1 in Staves
  1063 | D:2      | Reached skill level 1 in Slings
  1063 | D:2      | Reached skill level 1 in Bows
  1063 | D:2      | Reached skill level 1 in Crossbows
  1063 | D:2      | Reached skill level 1 in Throwing
  1063 | D:2      | Reached skill level 1 in Stealth
  1063 | D:2      | Reached skill level 1 in Shields
  1063 | D:2      | Reached skill level 1 in Unarmed Combat
  1063 | D:2      | Reached skill level 1 in Evocations
  1108 | D:2      | Reached XP level 4. HP: 35/38 MP: 11/11
  1632 | D:3      | Learned a level 3 spell: Regeneration
  1635 | D:3      | Learned a level 2 spell: Song of Slaying
  1693 | D:3      | Reached skill level 1 in Conjurations
  1693 | D:3      | Reached skill level 1 in Hexes
  1693 | D:3      | Reached skill level 1 in Summonings
  1693 | D:3      | Reached skill level 1 in Necromancy
  1693 | D:3      | Reached skill level 1 in Translocations
  1693 | D:3      | Reached skill level 1 in Transmutations
  1693 | D:3      | Reached skill level 1 in Fire Magic
  1693 | D:3      | Reached skill level 1 in Ice Magic
  1693 | D:3      | Reached skill level 1 in Air Magic
  1693 | D:3      | Reached skill level 1 in Earth Magic
  1693 | D:3      | Reached skill level 1 in Poison Magic
  2010 | D:3      | Found an opulent altar of Gozag.
  2053 | D:3      | Noticed Robin
  2059 | D:3      | Reached XP level 5. HP: 39/43 MP: 8/12
  2076 | D:3      | Killed Robin
  2631 | D:3      | Found a glowing silver altar of Zin.
  2883 | D:4      | Noticed an ogre
  3136 | D:4      | Found an iron altar of Okawaru.
  3161 | D:4      | Became a worshipper of Warmaster Okawaru
  3205 | D:4      | Reached XP level 6. HP: 43/50 MP: 8/13
  3221 | D:4      | Reached skill level 5 in Fighting
  3221 | D:4      | Reached skill level 5 in Polearms
  3221 | D:4      | Reached skill level 5 in Dodging
  3319 | D:4      | Noticed Natasha
  3331 | D:4      | Killed Natasha
  3331 | D:4      | Reached XP level 7. HP: 37/56 MP: 9/15
  3460 | D:4      | Found a shimmering altar of Xom.
  3574 | D:4      | Found a blossoming altar of Fedhas.
  3586 | D:4      | Noticed Natasha
  3590 | D:4      | Killed Natasha
  3723 | D:4      | Reached * piety under Okawaru
  3834 | D:4      | Found Qohytes's Weapon Shoppe.
  4012 | D:4      | Found a shimmering blue altar of Sif Muna.
  4025 | D:5      | Entered Level 5 of the Dungeon
  4087 | D:4      | Noticed Natasha
  4822 | D:5      | Found a hazy altar of Hepliaklqana.
  4874 | D:5      | Found a basalt altar of Yredelemnul.
  4874 | D:5      | Found a white marble altar of Elyvilon.
  4874 | D:5      | Found a blossoming altar of Fedhas.
  4995 | D:6      | Reached XP level 8. HP: 52/63 MP: 12/16
  5135 | D:6      | Found a snail-covered altar of Cheibriados.
  5144 | D:6      | Got a polished war axe
  5144 | D:6      | Identified the +8 war axe "Curoasel" {freeze, Dex+3} (You
                  | found it on level 6 of the Dungeon)
  5305 | D:6      | Found a stormy altar of Qazlal.
  5316 | D:6      | Found a bloodstained altar of Trog.
  5450 | D:6      | Found a staircase to the Ecumenical Temple.
  5694 | D:4      | Killed Natasha
  6068 | D:7      | Reached skill level 6 in Spellcasting
  6152 | D:7      | Reached ** piety under Okawaru
  6602 | D:8      | Reached XP level 9. HP: 69/69 MP: 12/18
  6662 | D:8      | Got a crystal spear
  6662 | D:8      | Identified the +12 spear of Conscience {drain, rN+} (You
                  | found it on level 8 of the Dungeon)
  6753 | D:8      | Found a glowing golden altar of the Shining One.
  6753 | D:8      | Found a burning altar of Makhleb.
  6834 | D:8      | Found an ornate altar of the Wu Jian Council.
  6845 | D:8      | Noticed Maurice
  6856 | D:8      | Killed Maurice
  7034 | D:9      | Found a staircase to the Lair.
  7055 | D:9      | Reached skill level 5 in Armour
  7058 | D:9      | Reached *** piety under Okawaru
  7076 | Lair:1   | Entered Level 1 of the Lair of Beasts
  7289 | Lair:1   | Found a dark tunnel.
  7312 | Volcano  | Entered a volcano
  7331 | Volcano  | Reached skill level 5 in Invocations
  7362 | Volcano  | Reached **** piety under Okawaru
  7373 | Volcano  | Reached skill level 7 in Spellcasting
  7373 | Volcano  | Reached XP level 10. HP: 57/77 MP: 18/20
  7385 | Volcano  | Received a gift from Okawaru
  7421 | Volcano  | Reached skill level 5 in Short Blades
  7421 | Volcano  | Reached skill level 5 in Long Blades
  7421 | Volcano  | Reached skill level 5 in Axes
  7421 | Volcano  | Reached skill level 5 in Maces & Flails
  7421 | Volcano  | Reached skill level 5 in Staves
  7421 | Volcano  | Reached skill level 5 in Slings
  7421 | Volcano  | Reached skill level 5 in Bows
  7421 | Volcano  | Reached skill level 5 in Crossbows
  7421 | Volcano  | Reached skill level 5 in Throwing
  7421 | Volcano  | Reached skill level 5 in Stealth
  7421 | Volcano  | Reached skill level 5 in Shields
  7421 | Volcano  | Reached skill level 5 in Unarmed Combat
  7421 | Volcano  | Reached skill level 5 in Evocations
  7603 | Lair:1   | Reached ***** piety under Okawaru
  8049 | Lair:1   | Noticed an eight-headed hydra
  8057 | Lair:1   | Killed an eight-headed hydra
  8057 | Lair:1   | Received a gift from Okawaru
  8459 | Lair:2   | Found a runed translucent gate.
  8459 | Lair:2   | Noticed a spiny frog
  8460 | Lair:2   | Found a runed translucent gate.
  8461 | Lair:2   | Found a runed translucent gate.
  8542 | Lair:2   | Reached XP level 11. HP: 78/84 MP: 22/22
  8568 | Lair:2   | Noticed a catoblepas
  8568 | Lair:2   | Noticed astraldaughter's ghost (journeyman DrAE)
  8578 | Lair:2   | Noticed an oklob plant
  9104 | Lair:2   | Noticed an oklob plant
  9226 | Lair:2   | Noticed an oklob plant
  9236 | Lair:2   | Noticed an oklob plant
  9628 | Lair:3   | Reached skill level 5 in Conjurations
  9628 | Lair:3   | Reached skill level 5 in Hexes
  9628 | Lair:3   | Reached skill level 5 in Summonings
  9628 | Lair:3   | Reached skill level 5 in Necromancy
  9628 | Lair:3   | Reached skill level 5 in Translocations
  9628 | Lair:3   | Reached skill level 5 in Transmutations
  9628 | Lair:3   | Reached skill level 5 in Fire Magic
  9628 | Lair:3   | Reached skill level 5 in Ice Magic
  9628 | Lair:3   | Reached skill level 5 in Air Magic
  9628 | Lair:3   | Reached skill level 5 in Earth Magic
  9628 | Lair:3   | Reached skill level 5 in Poison Magic
  9650 | Lair:3   | Reached skill level 8 in Spellcasting
  9712 | Lair:3   | Found a hole to the Spider Nest.
 10541 | Lair:3   | Received a gift from Okawaru
 10541 | Lair:3   | Reached XP level 12. HP: 60/93 MP: 21/24
 10718 | Lair:3   | Found a staircase to the Swamp.
 11070 | Lair:4   | Reached ****** piety under Okawaru
 11074 | Lair:4   | Received a gift from Okawaru
 11594 | Lair:4   | Learned a level 3 spell: Dazzling Flash
 11598 | Lair:4   | Learned a level 3 spell: Tukima's Dance
 11738 | Lair:4   | Found the +12 glaive of Prune {chop}
 12495 | Lair:5   | Reached skill level 9 in Spellcasting
 12497 | Lair:5   | Received a gift from Okawaru
 12511 | Lair:5   | Received a gift from Okawaru
 12803 | Lair:5   | Found a frozen archway.
 13479 | Lair:5   | Found a viscous altar of Jiyva.
 13479 | Lair:5   | Found a staircase to the Slime Pits.
 13487 | Lair:5   | Splashed with acid

Levels and vault maps discovered:
D:1:      minmay_arrival_shattered_statue, layout_basic, minmay_misc_feat_tiny
D:2:      minmay_inner_zag, layout_loops_ring
D:3:      layout_loops_corners, overflow_temple_1_default, zin_scriptorium,
          first_ration, uniq_robin
D:4:      layout_basic, lemuel_doored_altar, nicolae_overflow_hidden_temple,
          okawaru_ov_weapons_minmay, serial_shops, shop, minmay_misc_feat_roman,
          fedhas_altar_3, uniq_natasha
D:5:      layout_cave_pools, gammafunk_temple_overflow_forgotten,
          kennysheep_mini
D:6:      layout_cave_pools, kennysheep_slug_shrine, grunt_qazlal_clouds,
          lemuel_temple_firewalk_b, chequers_serial_rivers_room_a, bloody_trog
D:7:      layout_cave_pods
D:8:      layout_rooms, lemuel_round_altar, gammafunk_temple_overflow_elements,
          minmay_fountain_box, uniq_maurice
D:9:      layout_loops_corners, nicolae_ru_sacrificial_ziggurat,
          lair_entry_dummy, hangedman_pestilent_swarm,
          minmay_misc_feat_secret_circle, uniq_erolcha
Lair:1:   layout_loops_ring, nicolae_volcano_entry_hallway
Lair:2:   layout_gridlike, gammafunk_ghost_split, disabler_island,
          minmay_lair_oklob_chamber
Lair:3:   layout_gridlike, minmay_swamp_entry_worms, dummy_spider_entry
Lair:4:   layout_misc_corridors
Lair:5:   layout_regular_city, dpeg_slime_entry_enclosed_altar,
          portal_ice_cave_demonic_guard, infiniplex_staircase_pool

Skill      XL: |  1  2  3  4  5  6  7  8  9 10 11 12 |
---------------+-------------------------------------+-----
Spellcasting   | 5 6 7 8 9 |  9.1
Invocations    | 1 2 3 4 5 6 7 8 |  8.3
Short Blades   | 1 2 3 4 5 6 7 |  7.5
Long Blades    | 1 2 3 4 5 6 7 |  7.5
Axes           | 1 2 3 4 5 6 7 |  7.5
Maces & Flails | 1 2 3 4 5 6 7 |  7.5
Staves         | 1 2 3 4 5 6 7 |  7.5
Slings         | 1 2 3 4 5 6 7 |  7.5
Bows           | 1 2 3 4 5 6 7 |  7.5
Crossbows      | 1 2 3 4 5 6 7 |  7.5
Throwing       | 1 2 3 4 5 6 7 |  7.5
Stealth        | 1 2 3 4 5 6 7 |  7.5
Shields        | 1 2 3 4 5 6 7 |  7.5
Unarmed Combat | 1 2 3 4 5 6 7 |  7.5
Evocations     | 1 2 3 4 5 6 7 |  7.5
Conjurations   | 1 2 3 4 5 6 |  6.2
Hexes          | 1 2 3 4 5 6 |  6.2
Summonings     | 1 2 3 4 5 6 |  6.2
Necromancy     | 1 2 3 4 5 6 |  6.2
Translocations | 1 2 3 4 5 6 |  6.2
Transmutations | 1 2 3 4 5 6 |  6.2
Fire Magic     | 1 2 3 4 5 6 |  6.2
Ice Magic      | 1 2 3 4 5 6 |  6.2
Air Magic      | 1 2 3 4 5 6 |  6.2
Earth Magic    | 1 2 3 4 5 6 |  6.2
Poison Magic   | 1 2 3 4 5 6 |  6.2
Armour         | 3 4 5 6 7 8 |  8.0
Fighting       | 5 6 7 8 |  8.9
Polearms       | 5 6 7 8 |  8.9
Dodging        | 5 6 7 8 |  8.9
Charms         | 6 7 8 |  8.4

Action                   |  1- 3 |  4- 6 |  7- 9 | 10-12 || total
-------------------------+-------+-------+-------+-------++-------
Melee: Spear             |   130 |   108 |    64 |   443 ||   745
       Bite              |    15 |    18 |    36 |    49 ||   118
       Punch             |       |     1 |     5 |       ||     6
       Trident           |       |    92 |   139 |       ||   231
       War axe           |       |       |    74 |       ||    74
 Fire: Hunting sling     |       |       |     5 |       ||     5
Throw: Dart              |       |       |       |     2 ||     2
 Cast: Infusion          |     4 |     1 |     2 |       ||     7
       Shroud of Golubri |     1 |     2 |     6 |     8 ||    17
       Spectral Weapon   |       |     5 |     7 |    22 ||    34
       Song of Slaying   |       |       |       |     5 ||     5
Invok: Finesse           |       |       |       |     1 ||     1
  Use: Scroll            |       |       |    15 |    13 ||    28
       Potion            |       |       |       |     4 ||     4
 Stab: Sleeping          |     3 |     4 |     4 |     9 ||    20
       Distracted        |       |       |     1 |     6 ||     7
  Eat: Chunk             |     1 |     8 |    13 |    20 ||    42
Armor: Leather armour    |    15 |    20 |       |       ||    35
       Ring mail         |       |     5 |   125 |    96 ||   226
       Skin              |       |       |       |     9 ||     9
Dodge: Dodged            |    66 |   111 |   185 |   212 ||   574
Block: Shield            |       |       |       |   249 ||   249

Table legend:
 A = Non-vault XP
 B = Vault XP
 C = Vault XP percentage of total XP
 D = Non-vault monster count
 E = Vault monster count
 F = Vault count percentage of total count
                 A         B        C        D         E       F
            +---------+---------+-------+---------+---------+-------
      Total |   27119 |    2914 |   9.7 |     282 |      37 |  11.6
            +---------+---------+-------+---------+---------+-------
        D:1 |      47 |       0 |   0.0 |      24 |       0 |   0.0
        D:2 |      62 |      19 |  23.5 |      22 |       5 |  18.5
        D:3 |      93 |      37 |  28.5 |      20 |      13 |  39.4
        D:4 |     587 |      36 |   5.8 |      24 |       1 |   4.0
        D:5 |     316 |       0 |   0.0 |      20 |       0 |   0.0
        D:6 |     367 |       4 |   1.1 |      18 |       1 |   5.3
        D:7 |     471 |       0 |   0.0 |      13 |       0 |   0.0
        D:8 |     788 |     433 |  35.5 |      16 |       1 |   5.9
        D:9 |     627 |       0 |   0.0 |       4 |       0 |   0.0
     Lair:1 |    3586 |       0 |   0.0 |      12 |       0 |   0.0
     Lair:2 |    1575 |       0 |   0.0 |       9 |       0 |   0.0
     Lair:3 |    8222 |     160 |   1.9 |      41 |       1 |   2.4
     Lair:4 |    5273 |       0 |   0.0 |      30 |       0 |   0.0
     Lair:5 |    5105 |     682 |  11.8 |      29 |       2 |   6.5
    Volcano |       0 |    1543 | 100.0 |       0 |      13 | 100.0
            +---------+---------+-------+---------+---------+-------
